 Dungeon Crawl Stone Soup version 0.26-a0-1161-g0398aca569 (webtiles) character file.

Game seed: 15390691209815752617

21 Phantomfrettchen the Insei (level 2, 0/18 HPs)
             Began as an Octopode Transmuter on Dec 28, 2020.
             Slain by a jackal (1 damage)
             ... on level 1 of the Dungeon.
             The game lasted 00:02:44 (429 turns).

Phantomfrettchen the Insei (Octopode Transmuter)     Turns: 429, Time: 00:02:45

Health: 0/18       AC:  1    Str:  9    XL:     2   Next: 87%
Magic:  5/5        EV: 13    Int: 15    God:
Gold:   0          SH:  0    Dex: 12    Spells: 2/5 levels left

rFire    . . .     SeeInvis .     - Unarmed
rCold    . . .     Faith    .   (no shield)
rNeg     . . .     Spirit   .   (helmet restricted)
rPois    .         Reflect  .   (no amulet)
rElec    .         Harm     .   (no ring)
rCorr    .         Rampage  .   (no ring)
Will     .....                  (no ring)
Stlth    +++.......             (no ring)
HPRegen  0.06/turn              (no ring)
MPRegen  0.09/turn              (no ring)
                                (no ring)
                                (no ring)

@: no status effects
A: almost no armour, stealthy swim, amphibious, 8 rings, constrict 8, camouflage
1, gelatinous body 1
a: no special abilities


You were on level 1 of the Dungeon.
You visited 1 branch of the dungeon, and saw 1 of its levels.

Inventory:

Missiles
 b - 22 stones
Scrolls
 c - 2 scrolls of identify {unknown}
 d - a scroll of immolation {unknown}
Potions
 a - a potion of attraction {unknown}


   Skills:
 * Level 1.4 Fighting
 + Level 2.0 Dodging
 + Level 1.0 Stealth
 * Level 3.6 Unarmed Combat
 + Level 2.0 Spellcasting
 + Level 2.0 Transmutations


You had 2 spell levels left.
You knew the following spells:

 Your Spells              Type           Power        Failure   Level
a - Beastly Appendage     Tmut           14%          10%         1
b - Wereblood             Tmut           7%           14%         2

Your spell library contained the following spells:

 Spells                   Type           Power        Failure   Level
 Spider Form              Tmut/Pois      2%           41%         3
 Ice Form                 Ice/Tmut       4%           82%         4
 Blade Hands              Tmut           3%           95%         5


Dungeon Overview and Level Annotations

Branches:
Dungeon (1/15)

Altars:


Innate Abilities, Weirdness & Mutations

You cannot wear most types of armour.
You are very stealthy in the water. (Stealth+)
You are amphibious.
You can wear up to eight rings at the same time.
You can use your tentacles to constrict eight enemies at once.
Your skin changes colour to match your surroundings (Stealth+).
Your rubbery body absorbs attacks. (AC +1, EV +1)


Message History

You kill the rat!
Your Stealth skill increases to level 1!
A rat comes into view.
The jackal barely misses you.
You tentacle-slap the jackal but do no damage.
Your grab misses the jackal. You closely miss the jackal.
Your grab misses the jackal. The jackal bites you.
* * * LOW HITPOINT WARNING * * *
You tentacle-slap the jackal. You grab the jackal.
The jackal is heavily wounded.
You constrict the jackal, but do no damage.
The jackal bites you.
* * * LOW HITPOINT WARNING * * *
The jackal barely misses you.
You tentacle-slap the jackal. Your grab misses the jackal.
The jackal is heavily wounded.
You constrict the jackal, but do no damage.
The jackal bites you but does no damage.
The jackal bites you.
You die...

...#........)........#
...'....#≈##.........#
..##..###≈≈#≈#.......#
†.....#≈≈≈≈≈≈#.......#
.##..#≈≈#≈≈#≈##......#
.##..#≈≈≈≈≈≈≈≈#......#
.....#≈≈#≈≈≈#≈≈......#
####.##≈≈≈≈≈≈##.hh...#
#..≈≈≈≈#≈≈#..@....#
#..###≈≈##≈...#####
#....##≈≈.....#
#.............#
####..........#
###########


You could see 2 jackals.

Vanquished Creatures
  2 giant cockroaches (D:1)
  5 goblins (D:1)
  A hobgoblin (D:1)
  A jackal (D:1)
  A kobold (D:1)
  A ball python (D:1)
  A bat (D:1)
  3 frilled lizards (D:1)
  6 rats (D:1)
21 creatures vanquished.

Notes
Turn   | Place    | Note
-------+----------+-------------------------------------------
     0 | D:1      | Phantomfrettchen the Octopode Transmuter began the quest
                  | for the Orb.
     0 | D:1      | Reached XP level 1. HP: 13/13 MP: 3/3
   213 | D:1      | Reached XP level 2. HP: 8/18 MP: 5/5
   338 | D:1      | Learned a level 2 spell: Wereblood
   419 | D:1      | Reached skill level 1 in Stealth
   429 | D:1      | Slain by a jackal

Illustrated notes

Levels and vault maps discovered:
D:1:      ncdulo_lavacross, layout_basic, minivault_4,
          chequers_serial_rivers_marsh

Skill      XL: |  1  2 |
---------------+-------+-----
Stealth        | 1 |  1.0
Fighting       | |  1.4
Dodging        | |  2.0
Unarmed Combat | |  3.6
Spellcasting   | |  2.0
Transmutations | |  2.0

Action                   || total
-------------------------++-------
Melee: Unarmed           ||    47
       Constrict         ||    13
       Tentacles         ||     2
       Punch             ||     1
 Cast: Beastly Appendage ||     1
       Wereblood         ||     1
 Stab: Sleeping          ||     1
Armor: Skin              ||     1
Dodge: Dodged            ||    29

Table legend: (Time is in decaauts)
 A = Elapsed time spent in this place.
 B = Non-inter-level travel time spent in this place.
 C = Inter-level travel time spent in this place.
 D = Time resting spent in this place.
 E = Time spent auto-exploring this place.
 F = Levels seen in this place.
 G = Mean time per level.
                   A        B        C        D        E       F      G
               +--------+--------+--------+--------+--------+-----+--------+
         Total |    426 |    426 |      0 |    100 |     15 |   1 |  426.0 |
       Dungeon |    426 |    426 |      0 |    100 |     15 |   1 |  426.0 |
               +--------+--------+--------+--------+--------+-----+--------+

Top non-repeatable levels by time:
     D:1: 426 daAuts
